 Dungeon Crawl Stone Soup version 0.28-a0-1638-g9123634e07 (webtiles) character file.

Game seed: 13587225455293862251

2297 hashsling the Cleaver (level 9, -17/83 HPs)
             Began as a Hill Orc Cinder Acolyte on Jan 26, 2022.
             Was a High Priest of Ignis.
             Demolished by an orc knight (24 damage)
             ... in a bailey.
             The game lasted 00:15:37 (7949 turns).

hashsling the Cleaver (Hill Orc Cinder Acolyte)     Turns: 7949, Time: 00:15:38

Health: -17/83     AC:  6    Str: 19    XL:     9   Next: 40%
Magic:  0/12       EV: 11    Int: 16    God:    Ignis [*****.]
Gold:   402        SH:  0    Dex:  6    Spells: 3/12 levels left

rFire   + + .      SeeInvis .   s - +0 hand axe (flame)
rCold   . . .      Faith    .   (no shield)
rNeg    . . .      Spirit   .   H - +2 robe {Will+}
rPois   .          Reflect  .   (no helmet)
rElec   .          Harm     .   v - +0 cloak
rCorr   .          Rampage  .   (no gloves)
Will    +....                   n - +0 pair of boots
Stlth   +.........              c - amulet of regeneration
HPRegen 1.03/turn               h - ring of protection from fire
MPRegen 0.13/turn               p - ring of wizardry

@: no status effects
A: no striking features
a: Renounce Religion, Fiery Armour, Foxfire Swarm, Rising Flame


You were in a bailey.
You worshipped Ignis.
Ignis was extremely pleased with you.
You visited 1 branch of the dungeon, and saw 8 of its levels.
You also visited: Bailey.

You collected 402 gold pieces.

Inventory:

Hand Weapons
 s - a +0 hand axe of flaming (weapon)
Armour
 b - a +0 robe
 n - a +0 pair of boots (worn)
 v - a +0 cloak (worn)
 H - a +2 robe of willpower (worn)
Jewellery
 c - an amulet of regeneration (around neck)
 g - a +6 ring of dexterity
 h - a ring of protection from fire (left hand)
 p - a ring of wizardry (right hand)
 x - a ring of poison resistance
 E - a ring of flight
Wands
 q - a wand of acid (8)
 K - a wand of iceblast (13)
 L - a wand of flame (18)
Scrolls
 a - 12 scrolls of identify {unknown}
 f - a scroll of holy word {unknown}
 i - a scroll of immolation {unknown}
 l - 3 scrolls of summoning
 m - 2 scrolls of blinking {unknown}
 r - a scroll of fog {unknown}
 t - a scroll of torment {unknown}
 u - 3 scrolls of teleportation {unknown}
 y - a scroll of acquirement {unknown}
 C - 2 scrolls of enchant weapon {unknown}
 D - 2 scrolls of enchant armour {unknown}
 G - a scroll of amnesia {unknown}
 I - 2 scrolls of vulnerability {unknown}
 J - a scroll of magic mapping {unknown}
Potions
 d - a potion of heal wounds {unknown}
 e - 2 potions of invisibility {unknown}
 j - 3 potions of brilliance {unknown}
 k - a potion of degeneration {unknown}
 o - a potion of ambrosia {unknown}
 w - 2 potions of attraction {unknown}
 z - 2 potions of mutation {unknown}
 A - a potion of curing {unknown}
 B - a potion of might {unknown}
 F - a potion of lignification {unknown}


   Skills:
 + Level 9.1 Fighting
 + Level 9.9 Axes
 - Level 2.0 Spellcasting
 + Level 8.3 Fire Magic


You had 3 spell levels left.
You knew the following spells:

 Your Spells              Type           Power      Damage    Failure   Level
a - Scorch                Fire           56%        2d8       1%          2
b - Sticky Flame          Conj/Fire      14%        2d4       16%         4
c - Conjure Flame         Conj/Fire      14%        6-21      4%          3

Your spell library contained the following spells:

 Spells                   Type           Power      Damage    Failure   Level
 Sandblast                Erth           2%         2d4       9%          1
 Ignite Poison            Fire/Tmut/Pois 10%        N/A       9%          3
 Passwall                 Tmut/Erth      0%         N/A       12%         2
 Stone Arrow              Conj/Erth      2%         3d7       24%         3
 Animate Armour           Summ/Erth      2%         N/A       58%         4
 Fulminant Prism          Conj/Hex       0%         3d6       58%         4
 Iskenderun's Mystic Bla  Conj/Tloc      1%         2d3       58%         4
 Olgreb's Toxic Radiance  Pois           1%         N/A       58%         4
 Lee's Rapid Deconstruct  Erth           0%         3d5*      89%         5
 Ozocubu's Refrigeration  Ice            0%         4d5       100%        7
 Ignition                 Fire           14%        3d6       100%        8
 Lehudib's Crystal Spear  Conj/Erth      0%         10d2      100%        8


Dungeon Overview and Level Annotations

Branches:
Dungeon (8/15)             Temple (0/1) D:5          Bailey (1/1)
   Lair: D:8-11

Altars:
Elyvilon
Hepliaklqana
Makhleb
Sif Muna
Xom


Message History

You closely miss the orc knight.
The orc knight is moderately wounded.
The orc knight is no longer more vulnerable to fire.
The orc knight completely misses you.
You slash the orc knight! You burn the orc knight.
The orc knight is heavily wounded.
The orc knight is no longer covered in acid.
The orc knight completely misses you.
Flames lash the goblin.
You kill the goblin!
You hear a splash. x2
The orc knight hits you with a +0 war axe!!
You hit the orc knight but do no damage.
The orc knight is heavily wounded.
The orc knight hits you with a +0 war axe!
* * * LOW HITPOINT WARNING * * *
Aiming: Corrosive Bolt
Press: ? - help, Shift-Dir - straight line, f - orc warrior
Aim: an orc warrior, wielding a +0 war axe and wearing a +0 chain mail (strong, 68% to hit)
The bolt of acid misses the orc knight.
The bolt of acid misses the kobold.
The bolt of acid misses the orc warrior.
An orc warrior comes into view. It is wielding a +0 battleaxe.
The orc knight roars a battlecry!
The orc warrior goes into a battle-frenzy!
Aiming: Corrosive Bolt
Press: ? - help, Shift-Dir - straight line, f/p - orc warrior
Aim: an orc warrior, wielding a +0 war axe and wearing a +0 chain mail (strong, 68% to hit)
The bolt of acid hits the orc knight.
The orc knight is heavily wounded.
The bolt of acid misses the kobold.
The bolt of acid misses the orc warrior.
The orc warrior no longer looks unusually strong.
The orc knight hits you with a +0 war axe!!
* * * LOW HITPOINT WARNING * * *
You barely miss the orc knight.
The orc knight is heavily wounded.
You hit the orc knight. You burn the orc knight.
The orc knight is heavily wounded.
The orc knight hits you with a +0 war axe!!
You die...

... #.♣ #'###..♣♣
#(≈≈≈...♣ #o≈≈≈...♣
#.≈≈≈...∩
#.........##.≈K≈...♣
#≈..8...8..≈#Ko≈≈...♣
#≈.........≈#o###..♣♣
≈=!8..o8?) #@(.##.♣
.##≈≈#####≈ ##)...##♣
..####...####.)....#
....................#
8..........(..8..8..#
............).......#
......(....(.(.....##
8...##'''##.).8...##
...##.....##.....##


You could see an orc knight, 2 orc warriors and 2 kobolds.

Vanquished Creatures
  The ghost of lessens the Cudgeller, an amateur TeAr (D:3)
  2 sky beasts
  2 orc warriors
  4 ogres
  2 necrophages
  A centaur (D:7)
  A phantom (D:6)
  A bullfrog (D:7)
  A scorpion (D:3)
  A howler monkey (D:6)
  3 wights (D:7)
  A centaur zombie (D:5)
  2 hounds (D:6)
  2 centaur skeletons (D:5)
  A jelly (D:4)
  2 orc priests
  A bullfrog zombie (D:6)
  A gnoll shaman (D:7)
  2 bullfrog skeletons
  4 iguanas
  3 iron imps (D:4)
  2 orc wizards
  A hound skeleton (D:4)
  A howler monkey zombie (D:7)
  5 adders
  6 gnolls
  A shadow imp (D:8)
  An ufetubus (D:6)
  9 worms
  3 dart slugs
  17 orcs
  3 bats
  5 endoplasms
  9 goblins
  9 hobgoblins
  4 jackals (D:1)
  4 quokkas
  3 ball pythons
  4 frilled lizards
  15 kobolds
  9 rats
149 creatures vanquished.

Notes
Turn   | Place    | Note
-------+----------+-------------------------------------------
     0 | D:1      | hashsling the Hill Orc Cinder Acolyte began the quest for
                  | the Orb.
     0 | D:1      | Reached XP level 1. HP: 19/19 MP: 2/2
    35 | D:1      | Reached XP level 2. HP: 21/27 MP: 3/3
   189 | D:1      | Learned a level 2 spell: Scorch
   816 | D:1      | Reached XP level 3. HP: 28/33 MP: 3/5
  1528 | D:2      | Reached XP level 4. HP: 40/40 MP: 1/6
  1919 | D:2      | Found a shimmering blue altar of Sif Muna.
  2030 | D:3      | Noticed a scorpion
  2035 | D:3      | Killed a scorpion
  2036 | D:3      | Reached skill level 5 in Axes
  2036 | D:3      | Reached XP level 5. HP: 41/47 MP: 0/7
  2403 | D:3      | Learned a level 4 spell: Sticky Flame
  2403 | D:3      | Found a runed translucent gate.
  2406 | D:3      | Found a runed translucent gate.
  2406 | D:3      | Found a runed translucent gate.
  2962 | D:3      | Noticed lessens's ghost (amateur TeAr)
  3084 | D:4      | Reached skill level 5 in Fighting
  3148 | D:4      | Reached XP level 6. HP: 56/56 MP: 4/9
  3241 | D:4      | Learned a level 3 spell: Conjure Flame
  3562 | D:4      | Found a burning altar of Makhleb.
  3621 | D:4      | Reached skill level 5 in Fire Magic
  3786 | D:5      | Entered Level 5 of the Dungeon
  3812 | D:5      | Noticed a necrophage
  3826 | D:5      | Killed a necrophage
  3934 | D:5      | Reached XP level 7. HP: 54/62 MP: 3/10
  4220 | D:5      | Found a staircase to the Ecumenical Temple.
  5067 | D:3      | HP: 3/64 [lessens's ghost (3)]
  5068 | D:3      | Killed lessens's ghost
  5069 | D:3      | Reached XP level 8. HP: 4/71 MP: 1/11
  6472 | D:7      | Found a shimmering blue altar of Sif Muna.
  6587 | D:7      | Reached XP level 9. HP: 82/82 MP: 1/12
  6738 | D:7      | Found a shimmering altar of Xom.
  6739 | D:7      | Found a hazy altar of Hepliaklqana.
  6740 | D:7      | Noticed a spectral ugly thing
  7454 | D:8      | Found a white marble altar of Elyvilon.
  7854 | D:8      | Found a flagged portal.
  7861 | Bailey   | Entered a bailey
  7866 | Bailey   | Noticed an orc warlord
  7924 | Bailey   | Noticed an orc knight
  7949 | Bailey   | Demolished by an orc knight

Illustrated notes

Levels and vault maps discovered:
D:1:      ncdulo_wetmaze, layout_basic, minmay_pentomino_p4
D:2:      layout_rooms, basic_altar
D:3:      layout_basic, ebering_ghost_rock_garden, kennysheep_generic_room_7
D:4:      layout_rooms, demons_altar, minmay_pentomino_pile
D:5:      layout_cave_pods, minmay_temple_entry_arrows, nicolae_wormholes
D:6:      layout_basic
D:7:      layout_loops_ring, regret_index_temple_of_mockery,
          overflow_temple_1_default
D:8:      layout_basic, elyvilon_altar_5, nicolae_ru_path_of_blood,
          gammafunk_ghost_spectres, enter_bailey_2
Bailey:   bailey_axe_bossmonster_kennysheep, bailey

Skill      XL: |  1  2  3  4  5  6  7  8  9 |
---------------+----------------------------+-----
Fighting       | 4 5 6 8 9 |  9.1
Fire Magic     | 4 5 6 7 8 |  8.3
Axes           | 5 6 7 9 |  9.9
Spellcasting   | 2 |  2.0

Action                   |  1- 3 |  4- 6 |  7- 9 || total
-------------------------+-------+-------+-------++-------
Melee: Hand axe          |    90 |   102 |   194 ||   386
       Punch             |       |     2 |     5 ||     7
 Cast: Scorch            |     5 |    35 |   113 ||   153
       Sticky Flame      |       |       |     1 ||     1
Evoke: Wand              |       |       |     6 ||     6
 Stab: Sleeping          |     2 |       |       ||     2
       Distracted        |     1 |       |       ||     1
Armor: Robe              |    15 |    15 |    51 ||    81
Dodge: Dodged            |    38 |    49 |   118 ||   205

Table legend: (Time is in decaauts)
 A = Elapsed time spent in this place.
 B = Non-inter-level travel time spent in this place.
 C = Inter-level travel time spent in this place.
 D = Time resting spent in this place.
 E = Time spent auto-exploring this place.
 F = Levels seen in this place.
 G = Mean time per level.
                   A        B        C        D        E       F      G
               +--------+--------+--------+--------+--------+-----+--------+
         Total |   7944 |   7705 |    239 |     22 |   6601 |   9 |  882.7 |
       Dungeon |   7862 |   7623 |    239 |     22 |   6594 |   8 |  982.8 |
        Bailey |     82 |     82 |      0 |      0 |      7 |   1 |   82.0 |
               +--------+--------+--------+--------+--------+-----+--------+

Top non-repeatable levels by time:
     D:1: 1445 daAuts
     D:5: 1234 daAuts
     D:3: 1098 daAuts
     D:7: 1082 daAuts
     D:6: 969 daAuts
     D:4: 834 daAuts
     D:2: 599 daAuts
     D:8: 598 daAuts
  Bailey: 82 daAuts
